Map: Automaton LE

Players

liquidthermy (uThermal) - Winner!

  • Race: Terran Terran
  • League: Master
  • Spawn Location: 9:00

ShoWTimE

  • Race: Protoss Protoss
  • League: Grandmaster
  • Spawn Location: 3:00

Event: IEM Season 13 - Katowice Server Qualifiers Europe

VOD

Have the link to the VOD?

Description

Time

  • Played on: Jan. 8, 2019, 1:21 p.m.
  • Length: 8:43

All games in this series

Show
View Real Time Build Order
Export as new Build Order

liquidthermy Terran - Winner!

Build Orders:  

Get SALT Encoding   

  12  0:01  SCV  
  13  0:13  SCV  
  14  0:18  Supply Depot  
  14  0:25  SCV  
  15  0:40  SCV  
  15  0:41  Barracks  
  16  0:48  Refinery  
  16  0:52  SCV  
  16  0:56  Refinery  
  17  1:04  SCV  
  18  1:16  SCV  
  19  1:28  Reaper  
  19  1:29  Orbital Command  
  20  1:37  Supply Depot  
  20  1:47  Factory  
  20  1:54  SCV  
  20  2:00  Barracks Reactor  
  21  2:04  Supply Depot  
  21  2:07  SCV  
  22  2:19  SCV  
  23  2:31  Widow Mine  
  23  2:32  Starport  
  23  2:36  Marine x2  
  27  2:37  SCV  
  28  2:49  SCV  
  29  2:52  Supply Depot  
  29  2:54  Marine x2, Widow Mine  
  33  3:09  Medivac  
  33  3:12  Marine x2  
  37  3:16  Widow Mine  
  39  3:28  Command Center  
  39  3:31  Marine  
  39  3:32  Marine  
  41  3:39  Widow Mine  
  43  3:42  Medivac  
  45  3:51  Supply Depot  
  45  3:53  Marine  
  46  3:57  SCV  
  47  4:03  Marine  
  44  4:11  Marine  
  44  4:12  Medivac  
  47  4:18  Supply Depot  
  47  4:20  Widow Mine  
  47  4:21  Marine  
  50  4:28  Marine  
  49  4:35  SCV  
  46  4:39  Marine  
  46  4:44  Medivac  
  48  4:46  Marine  
  48  4:47  SCV  
  50  4:57  Marine  
  49  5:01  Widow Mine  
  49  5:04  Marine, SCV  
  49  5:05  Barracks  
  49  5:14  Marine  
  49  5:22  Marine, Widow Mine  
  49  5:25  Medivac  
  48  5:31  Barracks  
  48  5:32  Marine  
  48  5:34  SCV  
  49  5:41  Orbital Command  
  49  5:46  SCV  
  49  5:48  Widow Mine  
  52  5:52  Marine, Barracks Tech Lab  
  52  5:55  Medivac  
  55  5:58  SCV  
  56  6:10  Marine, SCV x2  
  59  6:14  Marine  
  59  6:16  Widow Mine  
  59  6:17  Stimpack  
  58  6:18  Barracks Tech Lab  
  58  6:22  SCV x2  
  59  6:26  Marauder  
  59  6:27  Marine  
  59  6:31  Medivac  
  60  6:34  Marine, SCV x2  
  60  6:39  Marine  
  64  6:44  Widow Mine  
  64  6:45  Marine  
  64  6:46  SCV  
  68  6:47  Engineering Bay  
  68  6:48  Marauder, SCV  
  68  6:52  Marine  
  72  6:57  Marine  
  72  6:58  SCV  
  72  7:00  SCV  
  74  7:05  Marine  
  66  7:09  Marine, Marauder  
  66  7:10  SCV  
  66  7:12  SCV  
  66  7:15  Marauder, Widow Mine, Medivac  
  74  7:18  Combat Shield  
  74  7:21  Missile Turret  
  70  7:23  Marine  
  70  7:24  Refinery  
  70  7:27  Marine  
  70  7:29  SCV  
  70  7:32  Marine  
  65  7:37  Marauder  
  65  7:38  Factory Tech Lab  
  65  7:39  SCV  
  65  7:41  Marine  
  67  7:45  Medivac  
  67  7:50  Marauder, SCV  
  67  7:51  Marine, Barracks  
  73  7:52  Barracks  
  73  7:58  Marine  
  76  7:59  Siege Tank  
  76  8:02  Supply Depot  
  76  8:04  Supply Depot  
  76  8:05  Marine  
  78  8:19  Marine, Supply Depot  
  78  8:23  Marine  
  78  8:27  SCV  
  82  8:28  SCV  
Show
View Real Time Build Order
Export as new Build Order

ShoWTimE Protoss 

Build Orders: 1 Gate Expand, Phoenix Opening 

Get SALT Encoding   

  12  0:00  Probe  
  13  0:12  Probe  
  14  0:17  Pylon  
  14  0:24  Probe  
  15  0:32  Probe  
  15  0:37  Gateway  
  15  0:40  Probe  
  16  0:47  Assimilator  
  17  0:51  Probe  
  18  1:03  Probe  
  19  1:15  Probe  
  20  1:24  Cybernetics Core  
  20  1:34  Nexus  
  20  1:37  Probe  
  21  1:43  Pylon  
  21  1:49  Probe  
  21  1:51  Assimilator  
  21  1:52  Adept  
  25  2:01  Probe  
  25  2:13  Probe  
  25  2:25  Stargate, Adept  
  25  2:26  Probe  
  28  2:36  Warp Gate  
  28  2:38  Probe  
  29  2:45  Stalker  
  29  2:47  Probe  
  29  2:50  Probe  
  31  2:58  Shield Battery  
  33  3:00  Probe  
  33  3:01  Phoenix  
  36  3:16  Stalker  
  38  3:20  Probe x2  
  38  3:26  Phoenix  
  42  3:37  Pylon  
  42  3:39  Probe  
  42  3:40  Probe  
  44  3:51  Probe  
  44  3:52  Probe  
  44  3:55  Phoenix  
  45  4:02  Probe  
  44  4:05  Probe  
  44  4:10  Probe  
  45  4:17  Probe  
  45  4:18  Probe  
  47  4:29  Probe  
  47  4:30  Probe  
  49  4:41  Probe  
  49  4:42  Probe  
  49  4:43  Stalker  
  51  4:53  Probe  
  51  4:54  Probe  
  51  4:55  Pylon  
  52  5:05  Probe  
  52  5:06  Probe  
  54  5:13  Oracle  
  55  5:18  Probe  
  55  5:23  Probe  
  55  5:26  Robotics Facility  
  53  5:30  Assimilator  
  53  5:34  Assimilator  
  53  5:36  Probe  
  53  5:38  Probe  
  53  5:42  Pylon  
  55  5:48  Probe  
  56  5:50  Stalker, Pylon  
  58  6:00  Probe x2  
  57  6:12  Probe  
  57  6:15  Stalker  
  57  6:17  Probe  
  58  6:24  Observer, Probe  
  57  6:29  Probe  
  59  6:35  Gateway  
  59  6:36  Gateway  
  59  6:38  Stalker  
  61  6:44  Probe  
  61  6:45  Probe, Immortal  
  67  6:57  Probe x2  
  66  7:07  Probe  
  58  7:09  Probe  
  50  7:15  Probe  
  50  7:21  Probe  
  52  7:24  Probe  
  53  7:33  Probe  
  53  7:35  Probe  
  54  7:40  Stalker  
  56  7:45  Probe  
  56  7:46  Warp Prism, Stalker  
  56  7:47  Probe  
  62  8:03  Stalker  
  62  8:04  Probe  
  62  8:05  Probe  
  66  8:12  Pylon  
  66  8:16  Probe  
  66  8:17  Probe  
  68  8:28  Probe  
  68  8:29  Probe  
  68  8:30  Robotics Bay  

Tags
 
Add a new tag
Caveats
  • Supply blocks, unpowered buildings, or Contaminate may cause inaccurate times.
  • Supply counts are checked every 10 seconds.